 Dungeon Crawl Stone Soup version 0.32-a0-918-g0f22ef8d61 (webtiles) character file.

Game seed: 9505288320911194222

487 jlumianski the Chopper (level 7, -6/52 HPs)
             Began as a Coglin Gladiator on Apr 10, 2024.
             Mangled by Duvessa
             ... wielding a +0 short sword
              (9 damage)
             ... on level 4 of the Dungeon.
             The game lasted 00:17:45 (2931 turns).

jlumianski the Chopper (Coglin Gladiator)           Turns: 2931, Time: 00:17:49

Health: -6/52      AC: 12    Str: 15 (16) XL:     7   Next: 13%
Magic:  7/7        EV:  7    Int:  7      God:
Gold:   221        SH:  0    Dex: 13 (16) Spells: 6/6 levels left

rFire   . . .        a - +0 war axe {Cuetlachtli}
rCold   . . .        h - +1 dagger (elec) {Ulrike}
rNeg    . . .        j - +0 chain mail
rPois   .            c - +1 helmet
rElec   .            k - +1 cloak
rCorr   .            (no gloves)
SInv    .            (no boots)
Will    .....        (amulet unavailable) Stlth
                     (ring unavailable)
HPRegen 0.28/turn    (ring unavailable)
MPRegen 0.10/turn    (no gizmo)

%: no passive effects
@: revved
A: off-hand wielding, slow wielding, warmup strikes, no jewellery
a: Invent Gizmo


You were on level 4 of the Dungeon.
You visited 1 branch of the dungeon, and saw 5 of its levels.

You collected 221 gold pieces.

Inventory:

Hand Weapons
 a - a +0 war axe (weapon) {Cuetlachtli}
 f - a +0 dagger {Publius}
 h - a +1 dagger of electrocution (offhand) {Ulrike}
 v - a +0 scimitar
 x - a +1 dagger of protection
Missiles
 d - 3 throwing nets
 e - a javelin
 n - 7 poisoned darts (quivered)
Armour
 b - a +0 leather armour
 c - a +1 helmet (worn)
 g - a +0 ring mail
 j - a +0 chain mail (worn)
 k - a +1 cloak (worn)
 l - a scarf of harm
 q - a +0 scale mail
Talismans
 w - a flux talisman
Scrolls
 m - a scroll of teleportation
 o - a scroll of identify {unknown}
 p - a scroll of poison {unknown}
 r - a scroll of fog {unknown}
 s - a scroll of noise {unknown}
 t - a scroll of immolation {unknown}
Potions
 i - a potion of attraction {unknown}
 u - 2 potions of degeneration


   Skills:
 + Level 3.3 Fighting
 * Level 2.1 Short Blades
 + Level 5.6 Axes
 + Level 1.9 Throwing
 * Level 2.0 Armour
 + Level 3.6 Dodging
 - Level 0.2 Stealth


You had 6 spell levels left.
You didn't know any spells.
Your spell library contained the following spells:

 Spells                   Type           Power      Damage    Failure   Level
 Blink                    Tloc           0%         N/A       100%        2
 Jinxbite                 Hex            0%         N/A       100%        2
 Lesser Beckoning         Tloc           0%         N/A       100%        2
 Momentum Strike          Conj/Tloc      0%         3d8       100%        2
 Animate Dead             Necr           0%         N/A       100%        4
 Yara's Violent Unravell  Hex/Alch       0%         3d3       100%        5
 Enfeeble                 Hex            0%         N/A       100%        7
 Haunt                    Necr/Summ      0%         N/A       100%        7
 Infestation              Necr           0%         N/A       100%        8


Dungeon Overview and Level Annotations

Branches:
Dungeon (5/15)
 Temple: D:4-7

Altars:
Gozag
Xom

Annotations:
D:3 1 runed translucent door, Crazy Yiuf
D:4 Duvessa


Innate Abilities, Weirdness & Mutations

You can wield a second weapon in your off-hand.
It takes a long time for you to wield or remove held weapons.
Your first few attacks do less damage.
You cannot equip rings or amulets.


Message History

You hit Duvessa but do no damage.
You barely miss Duvessa with your +0 war axe.
Duvessa hits you but does no damage.
You slash Duvessa with your +0 war axe!
Duvessa is lightly wounded.
You hit Duvessa but do no damage. Duvessa hits you but does no damage.
Duvessa hits you with a +0 short sword.
You hit Duvessa but do no damage. Lightning courses through Duvessa!
Duvessa is moderately wounded.
You hit Duvessa but do no damage.
Duvessa hits you with a +0 short sword. x2
You barely miss Duvessa with your +0 war axe.
Duvessa is moderately wounded.
You hit Duvessa with your +1 dagger of electrocution.
Duvessa hits you but does no damage.
You slash Duvessa with your +0 war axe!
Duvessa is heavily wounded.
You closely miss Duvessa with your +1 dagger of electrocution.
Duvessa hits you with a +0 short sword.
* * * LOW HITPOINT WARNING * * *
Duvessa hits you with a +0 short sword.
* * * LOW HITPOINT WARNING * * *
Okay, then.
Okay, then.
You hit Duvessa but do no damage. Lightning courses through Duvessa!
Duvessa is severely wounded.
You closely miss Duvessa with your +0 war axe.
Duvessa hits you with a +0 short sword.
* * * LOW HITPOINT WARNING * * *
You hit Duvessa with your +0 war axe.
Duvessa is severely wounded.
You hit Duvessa but do no damage. Duvessa hits you with a +0 short sword.
* * * LOW HITPOINT WARNING * * *
Duvessa hits you but does no damage.
You hit Duvessa but do no damage.
Duvessa is severely wounded.
You barely miss Duvessa with your +0 war axe.
Duvessa hits you with a +0 short sword.
* * * LOW HITPOINT WARNING * * *
Duvessa hits you with a +0 short sword!
You die...

#'# #.# #.### ##... #
#####...## #.##
.....?...#.e... #.......#
#....# ###.@####.. #.e.....#
#.####### ######.###
#........# #.####.#.# #.#
#.#.# ########.####.#.####
#...[..............###########


You could see Duvessa (berserk).

Vanquished Creatures
  A centaur (D:5)
  Dowan (D:4)
  A gnoll bouda (D:3)
  An orc priest (D:3)
  Natasha (thrice) (D:3)
  Terence (D:3)
  An orc wizard (D:3)
  4 gnolls
  4 adders
  A ribbon worm (D:2)
  4 dart slugs
  7 orcs
  8 ball pythons
  6 endoplasms
  4 giant cockroaches
  7 goblins
  6 hobgoblins
  2 jackals (D:2)
  3 quokkas
  7 bats
  2 frilled lizards
  8 kobolds
  5 rats
87 creatures vanquished.

Notes
Turn   | Place    | Note
-------+----------+-------------------------------------------
     0 | D:1      | jlumianski the Coglin Gladiator began the quest for the
                  | Orb.
     0 | D:1      | Reached XP level 1. HP: 16/16 MP: 1/1
    88 | D:2      | Reached XP level 2. HP: 22/22 MP: 2/2
   225 | D:1      | Reached XP level 3. HP: 23/27 MP: 3/3
   796 | D:2      | Reached skill level 4 in Axes
   796 | D:2      | Reached XP level 4. HP: 34/34 MP: 4/4
  1292 | D:2      | Found a shimmering altar of Xom.
  1457 | D:3      | Reached skill level 1 in Short Blades
  1563 | D:3      | Reached XP level 5. HP: 39/39 MP: 5/5
  1665 | D:3      | Noticed Terence
  1679 | D:3      | Killed Terence
  1833 | D:3      | Noticed Natasha
  1837 | D:3      | Killed Natasha
  1891 | D:3      | Noticed Natasha
  1897 | D:3      | Killed Natasha
  1898 | D:3      | Reached skill level 1 in Armour
  1898 | D:3      | Reached XP level 6. HP: 46/46 MP: 6/6
  1924 | D:3      | Found a runed translucent door.
  1925 | D:3      | Noticed Crazy Yiuf
  1987 | D:3      | Noticed Natasha
  2020 | D:3      | Killed Natasha
  2021 | D:3      | Reached skill level 5 in Axes
  2411 | D:5      | Entered Level 5 of the Dungeon
  2553 | D:4      | Found an opulent altar of Gozag.
  2852 | D:4      | Noticed Dowan
  2852 | D:4      | Noticed Duvessa
  2877 | D:4      | Killed Dowan
  2919 | D:5      | Reached XP level 7. HP: 52/52 MP: 7/7
  2931 | D:4      | Mangled by Duvessa

Illustrated notes

Levels and vault maps discovered:
D:1:      lordsloth_arrival_two_stooges, layout_basic, minmay_tetromino_o4
D:2:      layout_loops_ring, basic_altar, minmay_crystal_room
D:3:      layout_basic, uniq_crazy_yiuf_cottage, uniq_natasha, uniq_terence
D:4:      layout_loops_corners, kennysheep_mini_moat, grunt_gozag_statues,
          gammafunk_ghost_grave, kennysheep_cluttered_room, uniq_duvessa
D:5:      layout_cave_pools, vehumet_statue, temple_pool_b

Skill      XL: |  1  2  3  4  5  6 |
---------------+-------------------+-----
Dodging        | 3 |  3.6
Axes           | 4 5 |  5.6
Short Blades   | 1 2 |  2.1
Armour         | 1 2 |  2.0
Fighting       | 3 |  3.3
Throwing       | |  1.9
Stealth        | |  0.2

Action                     |  1- 3 |  4- 6 |  7- 9 || total
---------------------------+-------+-------+-------++-------
  Melee: War axe           |    63 |   131 |     8 ||   202
         Dagger            |    61 |   118 |     8 ||   187
    Use: Scroll            |       |     3 |       ||     3
         Potion            |       |     3 |       ||     3
 Armour: Ring mail         |    41 |    34 |       ||    75
         Skin              |       |    16 |       ||    16
         Chain mail        |       |    58 |    16 ||    74
  Dodge: Dodged            |    51 |    71 |       ||   122

Table legend: (Time is in decaauts)
 A = Elapsed time spent in this place.
 B = Non-inter-level travel time spent in this place.
 C = Inter-level travel time spent in this place.
 D = Time resting spent in this place.
 E = Time spent auto-exploring this place.
 F = Levels seen in this place.
 G = Mean time per level.
                   A        B        C        D        E       F      G
               +--------+--------+--------+--------+--------+-----+--------+
         Total |   2964 |   2834 |    130 |     87 |   1531 |   5 |  592.8 |
       Dungeon |   2964 |   2834 |    130 |     87 |   1531 |   5 |  592.8 |
               +--------+--------+--------+--------+--------+-----+--------+

Top non-repeatable levels by time:
     D:3: 1072 daAuts
     D:2: 755 daAuts
     D:1: 598 daAuts
     D:4: 520 daAuts
     D:5: 16 daAuts
